 Dungeon Crawl Stone Soup version 0.19-a0-1792-g28b16ba (webtiles) character file.

37 kae the Shield-Bearer (level 3, -8/30 HPs)
             Began as a Formicid Fighter on Oct 4, 2016.
             Mangled by a kobold
             ... wielding a +0 whip of electrocution
              (18 damage)
             ... on level 2 of the Dungeon.
             The game lasted 00:00:38 (673 turns).

kae the Shield-Bearer (Formicid Fighter)             Turns: 673, Time: 00:00:39

Health: -8/30      AC:  6    Str: 21    XL:     3   Next: 62%
Magic:  3/3        EV:  8    Int:  7    God:
Gold:   10         SH:  9    Dex: 10    Spells: 0 memorised, 2 levels left

rFire  . . .     SeeInvis +     a - +0 long sword
rCold  . . .     Gourm    .     b - +0 scale mail
rNeg   . . .     Faith    .     c - +0 shield
rPois  .         Spirit   .     (helmet unavailable)
rElec  .         Dismiss  .     (no cloak)
rCorr  .         Reflect  .     (no gloves)
MR     .....     Harm     .     (no boots)
Stlth  ..........               (no amulet)
                                (no ring)
                                (no ring)

@: no status effects
A: permanent stasis, dig shafts and tunnels, four strong arms, antennae 3
a: Dig, Shaft Self


You were on level 2 of the Dungeon.
You were not hungry.

You visited 1 branch of the dungeon, and saw 2 of its levels.

You collected 10 gold pieces.

Inventory:

Hand Weapons
 a - a +0 long sword (weapon)
Armour
 b - a +0 scale mail (worn)
 c - a +0 shield (worn)
Jewellery
 l - an uncursed ring of protection from magic {unknown}
Scrolls
 i - a scroll of remove curse {unknown}
 j - a scroll of identify {unknown}
 k - 2 scrolls of random uselessness {unknown}
Potions
 d - a potion of might
 e - a potion of magic {unknown}
 g - a potion of heal wounds {unknown}
 h - 2 potions of flight {unknown}
 m - a potion of brilliance {unknown}
Comestibles
 f - 3 bread rations


   Skills:
 + Level 3.7 Fighting
 * Level 2.9 Long Blades
 - Level 3.2 Armour
 + Level 4.1 Shields


You had 2 spell levels left.
You didn't know any spells.

Dungeon Overview and Level Annotations

Branches:
Dungeon (2/15)

Altars:


Innate Abilities, Weirdness & Mutations

You are under a permanent stasis effect.
You can dig through walls and to a lower floor.
Your four strong arms can wield two-handed weapons with a shield.
You have a pair of large antennae on your head. (SInv)


Message History

You hit the goblin.
The goblin is heavily wounded.
The goblin hits you with a club.
You hit the goblin.
You kill the goblin!
You closely miss the kobold. The kobold hits you but does no damage.
You barely miss the kobold. You block the kobold's attack.
The kobold hits you but does no damage.
You hit the kobold.
The kobold is moderately wounded.
You block the kobold's attack.
You miss the kobold.
The kobold is moderately wounded.
You block the kobold's attack.
You closely miss the kobold.
The kobold is moderately wounded.
The kobold hits you with a whip of electrocution.
You are electrocuted!
Ouch! That really hurt!
You die...

#.# #. #.# #.##.#
#.##.# #.##.## #.....
#)##.#
#######.##(##.###
........@Ks......#
###########.##.##.##.#
............##.## #
#########.†.......
#.(.....### #....####
..#########.#.##
............#.#
#.......####.#


You could see a giant cockroach and a kobold.

Vanquished Creatures
  A dart slug (D:1)
  2 leopard geckos (D:1)
  5 bats (D:1)
  4 giant cockroaches
  4 goblins
  3 hobgoblins (D:1)
  4 jackals (D:2)
  7 rats
30 creatures vanquished.

Notes
Turn   | Place    | Note
-------+----------+-------------------------------------------
     0 | D:1      | kae the Formicid Fighter began the quest for the Orb.
     0 | D:1      | Reached XP level 1. HP: 18/18 MP: 1/1
   187 | D:1      | Reached XP level 2. HP: 24/24 MP: 2/2
   403 | D:1      | Reached XP level 3. HP: 27/29 MP: 3/3
   490 | D:1      | Reached skill level 4 in Shields
   598 | D:2      | Found a faded altar of an unknown god.
   673 | D:2      | Mangled by a kobold

Vault maps used:
D:1:      mrwooster_arrival_statue_3, nrook_mini_backslash, dk_noncrumbling_4,
          minmay_pentomino_x2
D:2:      nicolae_ru_great_annihilating_truth, tgw_trog,
          gammafunk_temple_overflow_pools, ecumenical_altar_1,
          minmay_misc_feat_four_crosses

Skill      XL: |  1  2  3 |
---------------+----------+-----
Shields        | 4 |  4.1
Fighting       | |  3.7
Long Blades    | |  2.9
Armour         | |  3.2

Action                   || total
-------------------------++-------
Melee: Long sword        ||    94
Armor: Scale mail        ||    71
Dodge: Dodged            ||    34
Block: Shield            ||    76
       Rpst.: Long sword ||     9
